 Dungeon Crawl Stone Soup version 0.20-a0-1008-g0de3dc5 (webtiles) character file.

2859 galech the Grappler (level 9, -5/85 HPs)
             Began as a Troll Monk on Apr 14, 2017.
             Was an Elder of Cheibriados.
             Slain by a two-headed ogre
             ... wielding a +0 giant club
              (20 damage)
             ... on level 8 of the Dungeon.
             The game lasted 00:11:55 (5510 turns).

galech the Grappler (Troll Monk)                    Turns: 5510, Time: 00:11:55

Health: -5/85      AC:  8    Str: 34    XL:     9   Next: 47%
Magic:  8/8        EV: 14    Int: 16    God:    Cheibriados [****..]
Gold:   438        SH:  0    Dex: 22    Spells: 8/8 levels left

rFire    + . .     SeeInvis .     - Unarmed
rCold    . . .     Gourm    +   (no shield)
rNeg     + . .     Faith    .   t - +2 robe {rN+}
rPois    .         Spirit   .   (helmet restricted)
rElec    .         Reflect  .   E - +0 cloak
rCorr    .         Harm     .   (gloves unavailable)
MR       .....                  (boots unavailable)
Stlth    +++.......             (no amulet)
Regen    0.7/turn               w - ring of protection from fire
MPRegen  0.2/turn               F - ring of flight

@: lethally poisoned (-5 -> -6), very slow
A: unfitting armour, claws 3, fast metabolism 3, gourmand, regeneration 1,
shaggy fur 1, tough skin 2
a: Bend Time, Temporal Distortion, Slouch, Renounce Religion, Evoke Flight


You were on level 8 of the Dungeon.
You worshipped Cheibriados.
Cheibriados was greatly pleased with you.
You were completely stuffed.

You visited 2 branches of the dungeon, and saw 9 of its levels.

You collected 438 gold pieces.

Inventory:

Armour
 a - a +0 robe
 t - a +2 robe of positive energy (worn)
 E - a +0 cloak (worn)
Jewellery
 w - a ring of protection from fire (left claw)
 F - a ring of flight (right claw)
Wands
 s - a wand of iceblast (9/15)
 D - a wand of flame (21/48)
Scrolls
 e - 2 scrolls of teleportation
 g - 2 scrolls of remove curse
 h - a scroll of enchant weapon {unknown}
 j - a scroll of amnesia
 m - 2 scrolls of immolation
 p - a scroll of magic mapping {unknown}
 r - 3 scrolls of enchant armour
 u - a scroll of recharging
 x - a scroll of blinking {unknown}
 y - a scroll of fear {unknown}
 z - 5 scrolls of fog {unknown}
 B - 3 scrolls of identify
 C - a scroll of torment {unknown}
Potions
 c - 2 potions of curing
 d - 2 potions of berserk rage {unknown}
 f - 2 potions of might {unknown}
 k - a potion of agility {unknown}
 l - 3 potions of haste {unknown}
 n - a potion of flight {unknown}
 v - 2 potions of heal wounds {unknown}
 A - a potion of magic {unknown}
Comestibles
 b - 7 bread rations
 i - 2 royal jellies
 o - 6 meat rations
 q - 3 fruits
 G - a chunk of flesh


   Skills:
 + Level 4.7 Fighting
 + Level 5.8 Dodging
 + Level 4.0 Stealth
 + Level 9.6 Unarmed Combat


You had 8 spell levels left.
You didn't know any spells.

Dungeon Overview and Level Annotations

Branches:
Dungeon (8/15)             Temple (1/1) D:4
   Lair: D:8-11

Altars:
Ashenzari
Cheibriados
Dithmenos
Elyvilon
Fedhas
Gozag
Hepliaklqana
Kikubaaqudgha
Makhleb
Nemelex Xobeh
Okawaru
Qazlal
Ru
Sif Muna
Trog
Vehumet
Wu Jian
Xom
Zin


Innate Abilities, Weirdness & Mutations

You are too large for most types of armour.
You have claws for hands.
Your metabolism is lightning-fast.
You like to eat raw meat.
Your natural rate of healing is unusually fast.
You are covered in fur. (AC +1)
You have very tough skin. (AC +2)


Message History

You climb downwards.
You feel sick. The killer bee closely misses you. The killer bee misses you.
The killer bee stings you.
The killer bee stings you but does no damage.
The killer bee stings you.
* * * LOW HITPOINT WARNING * * *
The killer bee stings you but does no damage.
The killer bee stings you.
* * * LOW HITPOINT WARNING * * *
The killer bee completely misses you. The killer bee closely misses you.
There is a stone staircase leading up, spattered with blood here.
It was a potion of curing.
You feel better. The killer bee stings you.
* * * LOW HITPOINT WARNING * * *
The killer bee misses you. The killer bee barely misses you. x3
The killer bee closely misses you. The killer bee stings you.
* * * LOW HITPOINT WARNING * * *
You are poisoned.
The killer bee poisons you! The killer bee barely misses you.
The two-headed ogre misses you.
The two-headed ogre hits you with a giant club!!
You die...

### #....# # ..## ##....# #. ...#
#.....## ########## .#
...###......# ###........###.#
....#.......####..............#
......#.....##...............## .
.....#######..................##.
......# #...yOy...............
......# #...y@y.............h.
.......# #......y........y...h..
..###### #................y..##..
... #..............ZOyy.# # #..
##..............yy./# ##
##.................#
##...............##
##.............y. ........##.#.


You could see a two-headed ogre and 5 killer bees.

Vanquished Creatures
  Pikel (D:7)
  Grinder (D:5)
  Menkaure (D:6)
  An orc warrior (D:7)
  A slave (D:7)
  An ice beast (D:5)
  A phantom (D:7)
  2 ogres
  An eye of draining (D:4)
  3 bullfrogs
  A gnoll sergeant (D:5)
  A killer bee (D:8)
  A vampire bat (D:4)
  A bullfrog zombie (D:6)
  2 crimson imps
  Crazy Yiuf (D:7)
  6 orc priests
  7 orc wizards
  2 bullfrog skeletons
  A gnoll shaman (D:4)
  4 iguanas
  7 worker ants
  A hound skeleton (D:4)
  A howler monkey zombie (D:7)
  7 gnolls
  A worker ant zombie (D:5)
  11 adders
  A shadow imp (D:5)
  2 oozes
  3 adder skeletons
  5 worms
  3 dart slugs
  3 leopard geckos
  26 orcs
  A bat skeleton (D:4)
  3 bat zombies (D:4)
  5 giant cockroaches
  4 goblins
  4 hobgoblins
  15 jackals
  6 kobolds
  3 quokkas
  2 ball pythons (D:3)
  7 bats
  6 frilled lizards
  A leopard gecko skeleton (D:5)
  A quokka skeleton (D:7)
  3 rats
172 creatures vanquished.

Vanquished Creatures (others)
  A wizard (D:7)
  A slave (D:7)
2 creatures vanquished.

Grand Total: 174 creatures vanquished

Notes
Turn   | Place    | Note
-------+----------+-------------------------------------------
     0 | D:1      | galech the Troll Monk began the quest for the Orb.
     0 | D:1      | Reached XP level 1. HP: 23/23 MP: 0/0
   200 | D:1      | Reached XP level 2. HP: 31/31 MP: 1/1
   480 | D:2      | Reached XP level 3. HP: 37/37 MP: 2/2
   666 | D:2      | Reached skill level 1 in Unarmed Combat
   666 | D:2      | Reached XP level 4. HP: 47/48 MP: 3/3
   835 | D:2      | Found a shimmering altar of Xom.
  1270 | D:3      | Reached skill level 2 in Unarmed Combat
  1301 | D:3      | Reached XP level 5. HP: 36/54 MP: 4/4
  1886 | D:3      | Reached skill level 3 in Unarmed Combat
  2005 | D:3      | Reached XP level 6. HP: 21/62 MP: 5/5
  2111 | D:4      | Found a staircase to the Ecumenical Temple.
  2123 | D:4      | Reached skill level 4 in Unarmed Combat
  2151 | Temple   | Entered the Ecumenical Temple
  2466 | Temple   | Became a worshipper of Cheibriados the Contemplative
  2466 | Temple   | Reached * piety under Cheibriados
  2466 | Temple   | Reached ** piety under Cheibriados
  2716 | D:4      | Found an ancient bone altar of Kikubaaqudgha.
  2798 | D:4      | Reached XP level 7. HP: 61/68 MP: 6/6
  2939 | D:4      | Reached skill level 5 in Unarmed Combat
  3181 | D:5      | Entered Level 5 of the Dungeon
  3266 | D:5      | Reached *** piety under Cheibriados
  3449 | D:4      | Reached skill level 6 in Unarmed Combat
  3639 | D:5      | Reached XP level 8. HP: 78/78 MP: 7/7
  3776 | D:5      | Found a shadowy altar of Dithmenos.
  3886 | D:5      | Found an opulent altar of Gozag.
  3887 | D:5      | Found a sparkling altar of Nemelex Xobeh.
  4012 | D:6      | Noticed Menkaure
  4012 | D:6      | Noticed Grinder
  4034 | D:5      | Reached skill level 7 in Unarmed Combat
  4151 | D:5      | Reached **** piety under Cheibriados
  4275 | D:5      | Killed Grinder
  4275 | D:5      | Reached skill level 5 in Dodging
  4289 | D:6      | Killed Menkaure
  4337 | D:6      | Reached skill level 8 in Unarmed Combat
  4349 | D:6      | Found a shattered altar of Ashenzari.
  4384 | D:6      | You fall through a shaft for 2 floors!
  4520 | D:6      | Reached XP level 9. HP: 49/85 MP: 8/8
  4761 | D:7      | Found a runed door.
  4765 | D:7      | Noticed Crazy Yiuf
  4769 | D:7      | Killed Crazy Yiuf
  4870 | D:7      | Found a white marble altar of Elyvilon.
  5054 | D:7      | Found a glowing silver altar of Zin.
  5055 | D:7      | Noticed an angel
  5093 | D:7      | Found a bloodstained altar of Trog.
  5094 | D:7      | Noticed a wizard
  5099 | D:7      | Killed a wizard
  5155 | D:7      | Noticed Pikel
  5169 | D:7      | Killed Pikel
  5169 | D:7      | Reached skill level 9 in Unarmed Combat
  5218 | D:7      | Found a hazy altar of Hepliaklqana.
  5419 | D:8      | Noticed a two-headed ogre
  5424 | D:8      | Noticed a queen bee
  5510 | D:8      | Slain by a two-headed ogre

Vault maps used:
D:1:      saegor_arrival_simple_b, serial_glass, glass_columns_a,
          glass_columns_a
D:2:      xom_teletrap_fun
D:4:      kennysheep_vampire_church, minmay_temple_entry_large_hall, first_bread
D:5:      kennysheep_little_box, grunt_temple_overflow_opulence,
          corexii_corridor_pit
D:6:      ashenzari_conservatory_becter, uniq_menkaure, uniq_grinder
D:7:      zin_angel, lemuel_round_altar, basic_altar, trog_wizard,
          uniq_crazy_yiuf_cottage, uniq_pikel
D:8:      grunt_temple_overflow_holy_war, basic_altar, david_nohive_1
Temple:   minmay_temple_curvy_loop

Skill      XL: |  1  2  3  4  5  6  7  8  9 |
---------------+----------------------------+-----
Unarmed Combat | 1 2 3 4 6 8 9 |  9.6
Stealth        | 3 4 |  4.0
Dodging        | 4 5 |  5.8
Fighting       | 4 |  4.7

Action                   |  1- 3 |  4- 6 |  7- 9 || total
-------------------------+-------+-------+-------++-------
Melee: Unarmed           |    90 |   168 |   225 ||   483
       Punch             |       |     1 |    11 ||    12
  Use: Scroll            |       |       |     7 ||     7
       Potion            |       |       |     1 ||     1
 Stab: Sleeping          |     4 |     9 |    10 ||    23
  Eat: Chunk             |    12 |    18 |    17 ||    47
Armor: Robe              |    28 |    49 |    67 ||   144
Dodge: Dodged            |    53 |    79 |   209 ||   341
